Cogmind - Beta 16 @@@ ROGUE MODE // 2025.12.01 @ 20:43:52 Player: GLC Result: Destroyed by G-34 Mercenary with Small Laser Performance ------------- Evolutions (0) 0 Regions Visited (1) 200 Robots Destroyed (30) 150 Value Destroyed (489) 489 Prototype IDs (0) 0 Alien Tech Used (0) 0 Bonus (0) 0 TOTAL SCORE: 839 Bonus ------- None Cogmind --------- Core Integrity 0/250 Matter 255/300 Energy 145/160 System Corruption 1% Temperature Danger (446) Movement Rolling (95) Ox1 Location -10/Materials Parts ------- > --- POWER (1) -------- Light Nuclear Core > --- PROPULSION (2) --- Wheel > --- UTILITY (2) ------ Small Storage Unit > --- WEAPON (2) ------- Medium Laser Medium Laser > --- INVENTORY (8) ---- Ion Engine Wheel Heat Sink Signal Interpreter Medium Laser Medium Laser Medium Laser Grenade Launcher Peak State ------------ > --- POWER ------------ Light Nuclear Core > --- PROPULSION ------- Wheel Wheel > --- UTILITY ---------- Small Storage Unit Sensor Array > --- WEAPON ----------- Assault Rifle Grenade Launcher > --- INVENTORY -------- Light Ion Engine Light Ion Engine Wheel Wheel Heat Sink Signal Interpreter Seismic Detector [Rating: 9] Favorites ----------- Power Ion Engine Engine Ion Engine Power Core Light Nuclear Core Propulsion Wheel Wheel Wheel Utility Small Storage Unit Device Seismic Detector Storage Small Storage Unit Weapon Assault Rifle Energy Gun Medium Laser Ballistic Gun Assault Rifle Launcher Grenade Launcher Build | -11 -10 ------- Run | Yrd Mat Slots Evolved . | . . Power . | . . Propulsion . | . . Utility . | . . Weapon . | . . Parts Attached 22 | 7 15 Power 5 | 1 4 Engine 3 | 1 2 Core 2 | . 2 Reactor . | . . Propulsion 7 | 2 5 Treads . | . . Leg . | . . Wheel 7 | 2 5 Hover . | . . Flight . | . . Utility 4 | 2 2 Device 3 | 1 2 Storage 1 | 1 . Processor . | . . Hackware . | . . Protection . | . . Artifact . | . . Weapon 6 | 2 4 Energy Gun 3 | . 3 Energy Cannon . | . . Ballistic Gun 2 | 2 . Ballistic Cannon . | . . Launcher 1 | . 1 Special Weapon . | . . Impact Weapon . | . . Slashing Weapon . | . . Piercing Weapon . | . . Special Melee Weapon . | . . Unidentified Prototypes . | . . Parts Lost 6 | . 6 Power 2 | . 2 Propulsion 3 | . 3 Utility . | . . Weapon 1 | . 1 Highest Loss Streak 2 | . 2 To Critical Strikes . | . . Average Backups 6 | 6 7 Power 1 | 1 1 Propulsion 2 | 2 2 Utility 1 | . 2 Weapon 1 | 1 1 Tool/Special . | . . Unused Backups 13 | 1 12 Power 2 | . 2 Propulsion 2 | 1 1 Utility 3 | . 3 Weapon 6 | . 6 Tool/Special . | . . Average Slot Usage (%) 94 | . 94 Engine 6 | . 6 Core 7 | . 7 Wheel 27 | . 27 Device 13 | . 13 Storage 14 | . 14 Energy Gun 12 | . 12 Ballistic Gun 11 | . 11 Peak Build Rating 9 | 7 9 Average Rating 7 | 6 7 On Entrance 3 | . 7 Avg Prop Armor Cover (%) . | . . Naked Turns . | . . Heaviest Build 16 | 14 16 Greatest Support 20 | 20 20 Greatest Overweight (x) 2 | 2 1 Average Overweight (x) . | . . Largest Inventory Capacity 8 | 8 8 Average Capacity 7 | 7 8 Most Carried 8 | 8 8 Average Carried 6 | 6 7 Final Capacity 8 | 8 8 Final Carried 8 | 8 8 Class Distribution -------------------- 100% | Mutant Dominant Class ---------------- Mutant | -10/Materials Resources | -11 -10 ----------- Run | Yrd Mat Matter Collected 795 | 466 329 Remotely . | . . Salvage Created 878 | 327 551 Parts 53 | 29 24 Haulers Intercepted 1 | . 1 Recyclers Shooed . | . . Parts Field Recycled . | . . Retrieved Matter . | . . Parts Self-Destructed . | . . Prevented . | . . Parts Restored . | . . Kills | -11 -10 ------- Run | Yrd Mat Combat Hostiles Destroyed 10 | . 10 Guns 10 | . 10 Classes Destroyed 6 | 3 3 Worker 7 | 4 3 Tunneler 9 | 9 . Hauler 1 | . 1 Recycler 1 | 1 . Watcher 2 | . 2 Grunt 10 | . 10 Best Kill Streak 3 | 3 3 Combat Bots Only 2 | . 2 Max Kills in Single Turn 2 | 1 2 Gunslinging . | . . Exploded . | . . Melee . | . . Uniques/NPCs Destroyed . | . . Combat | -11 -10 -------- Run | Yrd Mat Hostile Shots Fired 107 | . 107 Missed 38 | . 38 Hits 69 | . 69 Projectile 69 | . 69 Part Disruptions 1 | . 1 Damage Taken 979 | . 979 Core 256 | . 256 Absorbed by Shields . | . . Core Remaining (%) 100 | 100 . Volleys Fired 134 | 49 85 Largest 2 | 2 2 Hottest 100 | 40 100 Shots Fired 221 | 98 123 Gun 219 | 98 121 Cannon . | . . Launcher 2 | . 2 Special . | . . Kinetic 167 | 98 69 Thermal 52 | . 52 Explosive 2 | . 2 Electromagnetic . | . . Robot Hit Streak 9 | 7 9 Robot Miss Streak 5 | 5 4 Penetration Max . | . . Secondary Targets 3 | . 3 Max Gunslinging Chain 1 | . 1 Shots Hit Robots 132 | 56 76 Core Hits 51 | 21 30 Critical Kills . | . . Critical Parts Destroyed . | . . Critical Strikes 5 | . 5 Burn 5 | . 5 Melee Attacks . | . . Impact . | . . Slashing . | . . Piercing . | . . Sneak Attacks . | . . Combat Hostiles . | . . Follow-up Attacks . | . . Damage Inflicted 1690 | 592 1098 Guns 1577 | 592 985 Cannons . | . . Explosions 113 | . 113 Melee . | . . Ramming . | . . Kinetic 1141 | 592 549 Thermal 436 | . 436 Explosive 113 | . 113 Electromagnetic . | . . Impact . | . . Slashing . | . . Piercing . | . . Highest Corruption 1 | . 1 Average Corruption 1 | . 1 Corruption Purged . | . . Corruption Blocked . | . . Effects 4 | . 4 Message Errors 1 | . 1 Matter Fused 1 | . 1 Heat Flow Errors 2 | . 2 Overload Shots . | . . Overflow Damage . | . . Projectiles . | . . Explosions . | . . Melee . | . . Knockbacks . | . . Impact . | . . Kinetic . | . . Secondary . | . . Self-Inflicted Damage . | . . Shots . | . . Rammed . | . . Targets Rammed . | . . Kicked . | . . Crushed . | . . Highest Temperature 440 | . 440 Average Temperature 138 | . 138 Received Heat Transfer 483 | . 483 Effects 1 | . 1 Shutdowns 1 | . 1 Siege Activations . | . . Martial Activations . | . . Shielding Activations . | . . Robots Disrupted . | . . Combat Hostiles . | . . Robots Corrupted . | . . Combat Hostiles . | . . Parts Fried . | . . Impact Corruptions . | . . Robots Melted . | . . Combat Hostiles . | . . Parts Melted 3 | . 3 Heat Transferred 1665 | . 1665 Parts Sabotaged . | . . Parts Stolen . | . . Parts Stripped . | . . Power Chain Reactions . | . . Alert | -11 -10 ------- Run | Yrd Mat Maximum Alert Level . | . . Low Security (%) 100 | 100 100 Level 1 . | . . Level 2 . | . . Level 3 . | . . Level 4 . | . . Level 5 . | . . High Security . | . . Max Security . | . . Peak Influence 62 | 10 62 Initial . | . . Average 9 | . 18 Influence Increases 397 | 70 327 Destroy 0b10 Robot/C 200 | . 200 Destroy 0b10 Robot/NC 100 | 70 30 Destroy Leader 56 | . 56 Destroy Structure 11 | . 11 Lose Combat Pursuer 30 | . 30 Influence Decreases 335 | 70 265 Time Decay 285 | 70 215 Lost Part 50 | . 50 Squads Dispatched 2 | . 2 Investigation 1 | . 1 Extermination . | . . Reinforcement 1 | . 1 Assault . | . . Garrison . | . . Intercept . | . . Searches Triggered . | . . Construction Impeded . | . . Haulers Reinforced . | . . Active Scanning Responses . | . . Cargo Convoy Interrupts . | . . Stealth | -11 -10 --------- Run | Yrd Mat Distress Signals 1 | . 1 Communications Jammed . | . . Distress Signals . | . . Times Spotted 16 | . 16 Peak Tracking Total 4 | . 4 Tactical Retreats 1 | . 1 Traps | -11 -10 ------- Run | Yrd Mat Traps Triggered 3 | . 3 Indirectly . | . . Trap Hack Attempts . | . . Triggered . | . . Disarmed . | . . Reprogrammed . | . . Reused . | . . Traps Extracted . | . . Installed . | . . Triggered . | . . Machines | -11 -10 ---------- Run | Yrd Mat Machines Disabled . | . . Max in Single Turn . | . . Machines Repaired . | . . Machines Dismantled . | . . Machines Sabotaged . | . . Overloaded Fab Kills . | . . Hacking | -11 -10 --------- Run | Yrd Mat Machines Accessed 1 | . 1 Terminals . | . . Fabricators . | . . Repair Stations . | . . Recycling Units 1 | . 1 Scanalyzers . | . . Garrison Access . | . . Total Hacks 3 | . 3 Successful 1 | . 1 Failed 2 | . 2 Catastrophic 1 | . 1 Database Lockouts . | . . Manual . | . . Terminals . | . . Fabricators . | . . Repair Stations . | . . Recycling Units 3 | . 3 Scanalyzers . | . . Garrison Access . | . . Terminal Hacks . | . . Fabricator Hacks . | . . Repair Station Hacks . | . . Recycling Unit Hacks 1 | . 1 Report Inventory 1 | . 1 Scanalyzer . | . . Garrison Access Hacks . | . . Unauthorized Hacks . | . . Terminals . | . . Fabricators . | . . Repair Stations . | . . Recycling Units . | . . Scanalyzers . | . . Garrison Access . | . . Data Cores Recovered . | . . Used . | . . Hacking Detections 1 | . 1 Full Trace Events 1 | . 1 Feedback Events . | . . Feedback Blocked . | . . Robot Schematics Acquired . | . . Robots Built . | . . Authchips . | . . Time . | . . Total Robot Build Rating . | . . Part Schematics Acquired . | . . Parts Built . | . . Authchips . | . . Time . | . . Total Part Build Rating . | . . Part Studies Acquired . | . . Parts Repaired . | . . Time . | . . Parts Recycled . | . . Recycled Matter . | . . Retrieved Matter . | . . Retrieved Components . | . . Parts Scanalyzed . | . . Part Schematics Acquired . | . . Parts Damaged . | . . Bothacking | -11 -10 ------------ Run | Yrd Mat Used RIF Installer . | . . Robots Hacked . | . . Non-combat . | . . Combat . | . . Robot Hacks Applied . | . . Relay Couplers Released . | . . Fabnet Peak Effective % . | . . Robots Rewired . | . . Allies Hacked . | . . Hacks Repelled . | . . Allies | -11 -10 -------- Run | Yrd Mat Total Allies . | . . Largest Group . | . . Highest-Rated Group . | . . Highest-Rated Ally . | . . Total Orders . | . . Ally Attacks . | . . Total Damage . | . . Kills . | . . Allies Corrupted . | . . Allies Melted . | . . Intel | -11 -10 ------- Run | Yrd Mat Active Infowar (turns) 1171 | 605 566 Sensors 324 | . 324 Seismic 847 | 605 242 Robot Analysis Total . | . . Derelict Logs Recovered . | . . Drone Launches . | . . Drone Recoveries . | . . Exploration | -11 -10 ------------- Run | Yrd Mat Turns Passed 1246 | 647 599 Spaces Moved 697 | 265 432 Core 15 | 15 . Treads . | . . Legs . | . . Wheels 682 | 250 432 Hover . | . . Flight . | . . Fastest Speed 50 | 50 80 Average Speed 81 | 82 80 Slowest Speed 150 | 150 95 Overloaded Moves . | . . Propulsion Burnouts . | . . Robots Hopped . | . . Potential Cave-ins . | . . Cave-ins Triggered . | . . Exploration Rate (%) 32 | 6 58 Regions Visited 1 Branch Regions . Pre-discovered Areas . | . . Known Exits Taken . | . . Unknown Exits Taken 1 | 1 . Scrap Searched . | . . Spaces Dug 4 | . 4 Terrain Destroyed 8 | . 8 Melee . | . . Projectile . | . . AOE 8 | . 8 Terrain Rammed . | . . Walls Destroyed . | . . Machines Disabled . | . . Actions | -11 -10 --------- Run | Yrd Mat Total 1182 | 605 577 Wait 268 | 268 . Move 696 | 264 432 Hop . | . . Pick Up 38 | 16 22 Fast Attach 2 | . 2 Attach 14 | 7 7 Detach 1 | . 1 Swap 10 | . 10 Drop 19 | 1 18 Fire 134 | 49 85 Melee . | . . Ram . | . . Kick . | . . Crush . | . . Escape Stasis . | . . Rewire . | . . Trap . | . . Miscellaneous . | . . Route ------- -11/Scrapyard -10/Materials (discovered 2 exits: [*Mat] / [*Min]) History --------- Turn | Location | Event 47 | -11/Scrapyard | Discovered new exit (range 16) 648 | -11/Scrapyard | Entered Materials 649 | -10/Materials | Build established: Mutant 724 | -10/Materials | Discovered new exit (range 3) 811 | -10/Materials | Discovered new exit (range 16) 952 | -10/Materials | Core integrity fell below 50% 1229 | -10/Materials | Core integrity fell below 20% 1247 | -10/Materials | Destroyed by G-34 Mercenary with Small Laser Last Messages --------------- G-34 Mercenary heat damages Heat Sink, Ion Engine, Sml. Laser, Aluminum Leg. Aluminum Leg melted. G-34 Mercenary destroyed. Switching to secondary target: G-34 Mercenary. G-34 Mercenary suffers critical hit (Burn). G-34 Mercenary heat damages core (-4). U-05 Engineer builds a Door. G-34 Mercenary heat damages core (-4). G-34 Mercenary heat damages Heat Sink, Aluminum Leg. G-34 Mercenary overheating. Wheel destroyed. G-34 Mercenary overheating. G-34 Mercenary heat short circuits Heat Sink. G-34 Mercenary overheating. Power failure, Lgt. Nuclear Core shutdown. G-34 Mercenary heat short circuits Aluminum Leg. G-34 Mercenary destroyed. Switching to secondary target: G-34 Mercenary. Map ----- +----------------------------------------------------+ | ??????????????????????????????????????? | | ??????????????????????????????????????? | | ??????????????????????????????????????? | | ??????????????????????????????????????? | | ??????????????????????????????????????? | | ??????????????????????????????????????? | | ??????????????????????????????????????? | | ??????????????????????????????????????? | | ??????????????????????????????????????? | | ??????????????????????????????????????? | | ?????????????? ??????????????????????? | | ?????????????? ??????????????????????? | | ?????????????? ??????????????????????? | | ?????????????? ??????????????????????? | | ?????????????? ??????????????????????? | | ?????????????? ??????????????????????? | | ?????????????? ??????????????????????? | | ?????????????# ??????????????????????? | | ?????????????#=[??????????????????????? | | ?????????????#+###????????????????????? | | ?????????????#% #????????????????????? | | ?????????????+% #????????????????????? | | ?????????????# u #????????????????????? | | ?????????????# #????????????????????? | | ?????????????# #????????????????????? | | ?????????????#@ #????????????????????? | | ?????????????# ^ #????????????????????? | | ?????????????# !#????????????????????? | | ?????????????# u#????????????????????? | | ?????????????# #????????????????????? | | ???########### #?????#######???###### | | ???# ]]] # ####### ##### | | ???# ]]] """ # g | | ???# ]] """ # T < | | ???# """ # % | | ???# # ####### ##### | | ???# ! # =#* ####+#####?# "|"| | | ???# # %+ # #?#""|"| | | ???# # # # #?###### | | ???####+###### # # #??????? | | ????# #### # # * #??????? | | ????# # # #??????? | | ????# # # #????### | | ????# # # #????# | | ????# ###+#### # #????+ | | ###### ##] ###### #????# | | # # ## #????##########????### | | # T # ## """ #????????? #???????# | | # + ##! """ #????????? ######### | | # # ## """ #?????????? # [ | +----------------------------------------------------+ Best States ------------- Heat Dissipation 25 Energy Generation 14 Energy Capacity 250 Matter Stores 300 Matter Capacity 300 Sight Range 16 Robot Scan Range 14 Terrain Scan Density 10 Evasion (%) 44 Item Schematics ----------------- None Robot Schematics ------------------ None Fabricated ------------ Nothing Repaired ---------- Nothing Studied --------- None Alien Tech Used ----------------- None Achievements -------------- None Challenges ------------ None Game ------ Seed SmallThunderAmplifier Manual? 0 Play Time 00:16:15 Cumulative 10.2 hours Start 2025.12.01 @ 19:38:45 End 2025.12.01 @ 20:43:52 Sessions 2 Manual Loads 0 Difficulty Rogue Special Mode None Game No. 23 Rogue 23 Adventurer 0 Explorer 0 Win Type - Total 0 Types 0/0/0/0/0/0/0/0/0/0 Lore% 11 Gallery% 12 Achievement% 12 Wizard Run 0 Options --------- Layout 1 ASCII 0 Keyboard 0 Movement Mouse Keybinds 0 Fullscreen 1 Font 24/Smallcaps Map View 50x35 Zoom Use 0% Tactical HUD 0 Map Filters NONE Filters NONE Steam 1 RUN: f31e56a8-18ca-48de-a899-c87d29c42689